[Event "Titled Tuesday Blitz July 25 Early 2023"]
[White "Putri, Regita Desyari"]
[Black "Tikhonov, Viacheslav"]
[WhiteFideId "7109083"]
[BlackFideId "44196407"]
[WhiteElo "2213"]
[BlackElo "2509"]
[Result "1/2-1/2"]
[Round "3"]
[TimeControl "180+2"]
[Date "2023.07.25"]
[WhiteClock "0:00:05"]
[BlackClock "0:00:53"]
[Board "167"]

1. e4 c6 2. d4 d5 3. exd5 cxd5 4. c4 Nf6 5. Nc3 Nc6 6. Nf3 Bg4 7. cxd5 Nxd5 8. Be2 e6 9. O-O Be7 10. Qb3 O-O 11. Be3 b6 12. Nxd5 Qxd5 13. Qxd5 exd5 14. Bb5 Bxf3 15. Bxc6 Rac8 16. Bb5 Be4 17. Rac1 Bd6 18. f3 Bf5 19. Ba6 Rxc1 20. Rxc1 Re8 21. Kf2 Bd7 22. g3 h5 23. Bb7 h4 24. Bxd5 hxg3+ 25. hxg3 Bxg3+ 26. Kxg3 Rxe3 27. Rc7 Be8 28. Rxa7 g5 29. Kf2 Rd3 30. Ra8 Kf8 31. Bc6 Rxd4 32. Rxe8+ Kg7 33. Re2 Rb4 34. a3 Rc4 35. Bb5 Rc5 36. Bd3 f5 37. b4 Rc3 38. Bxf5 Rxa3 39. b5 Kf6 40. Bd7 Ra4 41. Re6+ Kf7 42. Rxb6 Ra2+ 43. Kg3 Rb2 44. Be6+ Kf6 45. Bd5+ Kg7 46. Be4 Rb4 47. Bc6 Kf6 48. Be4+ Kg7 49. Rg6+ Kh8 50. Rxg5 Rb2 51. Rc5 Rb4 52. Kf4 Rb2 53. Rc7 Rd2 54. b6 Rd5 55. Bxd5 1/2-1/2


[Site "https://www.chess.com"]

[Event "Titled Tuesday Blitz July 25 Early 2023"]
[White "Sanudula, K M Dahamdi"]
[Black "Shapiro, Viktor"]
[WhiteFideId "9932470"]
[BlackFideId "4175700"]
[WhiteElo "2187"]
[BlackElo "2508"]
[Result "0-1"]
[Round "3"]
[TimeControl "180+2"]
[Date "2023.07.25"]
[WhiteClock "0:00:41"]
[BlackClock "0:00:18"]
[Board "168"]

1. d4 Nf6 2. e3 e6 3. Bd3 b6 4. f4 Bb7 5. Nf3 d6 6. Nbd2 Nbd7 7. e4 e5 8. fxe5 dxe5 9. d5 c6 10. c4 cxd5 11. cxd5 Bc5 12. Nb3 Bd6 13. O-O O-O 14. Bg5 a6 15. Qe2 b5 16. a4 h6 17. Bh4 b4 18. Rac1 Qe7 19. Rc2 Rfc8 20. Rfc1 Rxc2 21. Rxc2 Qd8 22. Nbd2 Nc5 23. Bc4 Nxa4 24. b3 Nc3 25. Qd3 a5 26. Rb2 a4 27. bxa4 Rxa4 28. Nb1 Ra1 29. Nd2 Bc5+ 30. Kh1 Qb6 31. h3 g5 32. Bg3 Qd6 33. Kh2 Nxb1 34. Rxb1 Ra3 35. Rb3 Nh5 36. Nf3 Nxg3 37. Kxg3 Bc8 38. Qd2 Bd7 39. Qb2 Rxb3 40. Bxb3 f6 41. Qa2 h5 42. Qa8+ Kg7 43. Qd8 Bb5 44. Kh2 Qxd8 0-1


[Site "https://www.chess.com"]

[Event "Titled Tuesday Blitz July 25 Early 2023"]
[White "djjohnnywoo"]
[Black "Khamdamova, Afruza"]
[BlackFideId "14210444"]
[WhiteElo "2144"]
[BlackElo "2507"]
[Result "0-1"]
[Round "3"]
[TimeControl "180+2"]
[Date "2023.07.25"]
[WhiteClock "0:00:03"]
[BlackClock "0:00:17"]
[Board "170"]

1. g3 d5 2. Bg2 Nf6 3. d3 c5 4. Nd2 Nc6 5. e4 e5 6. c3 Be6 7. Ngf3 Be7 8. h3 O-O 9. Qe2 d4 10. c4 a6 11. O-O b5 12. b3 Qd7 13. Kh2 Rfb8 14. Ng5 b4 15. f4 h6 16. Nxe6 Qxe6 17. Nf3 exf4 18. gxf4 a5 19. f5 Bd6+ 20. Kg1 Qe7 21. Nh4 Ne5 22. Bf4 a4 23. Kh2 Ra6 24. Rg1 Kh8 25. Qd2 Rba8 26. bxa4 Nxd3 27. Bxd6 Qxd6+ 28. Kh1 Ne5 29. Nf3 Rxa4 30. Nxe5 Qxe5 31. Bf3 Ra3 32. Qg2 Rg8 33. Raf1 Nd7 34. Qg4 Qf6 35. Rg2 Ne5 36. Qf4 Rga8 37. Bh5 Rxa2 38. Rb2 Rxb2 39. Rg1 Raa2 0-1


[Site "https://www.chess.com"]

[Event "Titled Tuesday Blitz July 25 Early 2023"]
[White "Berezin, Viktor"]
[Black "Johnson, Ben"]
[WhiteFideId "14107872"]
[BlackFideId "2010917"]
[WhiteElo "2504"]
[BlackElo "2128"]
[Result "1-0"]
[Round "3"]
[TimeControl "180+2"]
[Date "2023.07.25"]
[WhiteClock "0:01:10"]
[BlackClock "0:00:24"]
[Board "171"]

1. d4 Nf6 2. Nf3 d5 3. c4 e6 4. g3 dxc4 5. Qa4+ Bd7 6. Qxc4 Bd6 7. Bg2 Bc6 8. O-O Nbd7 9. Nc3 O-O 10. Bg5 h6 11. Bxf6 Nxf6 12. Rfe1 Ne4 13. Rac1 Nxc3 14. bxc3 Qe8 15. e4 Bb5 16. Qb3 e5 17. Qb2 Ba6 18. Bf1 Qa4 19. Bxa6 Qxa6 20. Qb3 Rfe8 21. Rb1 b6 22. Nh4 g6 23. Nxg6 Qd3 24. Rbd1 Qa6 25. dxe5 Bxe5 26. Rd7 1-0


[Site "https://www.chess.com"]

[Event "Titled Tuesday Blitz July 25 Early 2023"]
[White "Osmak, Yuliia"]
[Black "Larina, Maria"]
[WhiteFideId "14101602"]
[BlackFideId "24113182"]
[WhiteElo "2497"]
[BlackElo "2118"]
[Result "1-0"]
[Round "3"]
[TimeControl "180+2"]
[Date "2023.07.25"]
[WhiteClock "0:00:28"]
[BlackClock "0:00:06"]
[Board "172"]

1. b3 e5 2. Bb2 d6 3. e3 f5 4. Nf3 Nf6 5. d4 e4 6. Nfd2 c6 7. c4 d5 8. Nc3 Be6 9. Be2 Be7 10. g3 O-O 11. a4 Bb4 12. Qc1 Na6 13. Ba3 Qe7 14. c5 Bxa3 15. Qxa3 Nc7 16. b4 b6 17. O-O Ng4 18. b5 cxb5 19. axb5 Qg5 20. c6 Qh6 21. Bxg4 fxg4 22. Qd6 Ne8 23. Qe7 Rf7 24. Qh4 Qg6 25. Ne2 Rf5 26. Nf4 Rxf4 27. gxf4 Qf7 28. Rfc1 Nc7 29. Rab1 Rf8 30. Nf1 h6 31. Qg3 h5 32. Qh4 Qg6 33. Ng3 Bf7 34. Qe7 Ne6 35. c7 h4 36. c8=Q hxg3 37. Qcxf8+ Nxf8 38. Rc8 gxf2+ 39. Kxf2 Kh7 40. Qxf8 Qh5 41. Qh8+ Kg6 42. Rc6+ 1-0


[Site "https://www.chess.com"]

[Event "Titled Tuesday Blitz July 25 Early 2023"]
[White "Petrovic, Aleksa"]
[Black "Feliz Dotel, Dewar Bienvenido"]
[WhiteFideId "967629"]
[BlackFideId "6402801"]
[WhiteElo "2490"]
[BlackElo "2072"]
[Result "1-0"]
[Round "3"]
[TimeControl "180+2"]
[Date "2023.07.25"]
[WhiteClock "0:00:45"]
[BlackClock "0:00:02"]
[Board "173"]

1. e4 e5 2. Nf3 Nc6 3. Bc4 Nf6 4. d4 exd4 5. O-O Nxe4 6. Nc3 Nxc3 7. bxc3 d5 8. Re1+ Be7 9. Bd3 dxc3 10. Ng5 Be6 11. Rxe6 fxe6 12. Nxe6 Qd6 13. Nxg7+ Kd8 14. Nf5 Qe5 15. Bh6 Re8 16. Qg4 Qf6 17. Ng7 Nd4 18. Be3 Rg8 19. Bxd4 Rxg7 20. Qxg7 Qxg7 21. Bxg7 1-0


[Site "https://www.chess.com"]

[Event "Titled Tuesday Blitz July 25 Early 2023"]
[White "ivana_999"]
[Black "Perske, Thore"]
[BlackFideId "12902195"]
[WhiteElo "2048"]
[BlackElo "2490"]
[Result "0-1"]
[Round "3"]
[TimeControl "180+2"]
[Date "2023.07.25"]
[WhiteClock "0:00:11"]
[BlackClock "0:00:25"]
[Board "174"]

1. d4 d5 2. c4 c6 3. Nc3 Nf6 4. Nf3 dxc4 5. e4 b5 6. a4 b4 7. e5 Nd5 8. Ne4 c3 9. bxc3 bxc3 10. Qc2 Na6 11. Nxc3 Nab4 12. Qb3 Nxc3 13. Qxc3 a5 14. Bc4 e6 15. O-O Be7 16. Ba3 O-O 17. Nd2 Ba6 18. Bxa6 Rxa6 19. f4 c5 20. dxc5 Bxc5+ 21. Qxc5 Qxd2 22. Bxb4 Qxb4 23. Qxb4 axb4 24. Rfb1 Rb8 25. Rb3 g5 26. g3 Kg7 27. Kg2 Kg6 28. Kf3 h5 29. h3 Rc6 30. Rab1 Rc4 31. a5 h4 32. fxg5 hxg3 33. Kxg3 Kxg5 34. Rf1 Kg6 35. Rf6+ Kg7 36. a6 Rc3+ 37. Rxc3 bxc3 38. Rf3 Rc8 39. Rf1 Kg6 40. Rc1 Kf5 41. h4 Kxe5 42. Kg4 Kf6 43. a7 Ra8 44. Rxc3 Rxa7 45. Rf3+ Kg6 46. h5+ Kg7 47. Kg5 Ra5+ 48. Kh4 f6 49. Rg3+ Kh7 50. Rg6 Rf5 51. Rg3 e5 52. Ra3 Rf4+ 53. Kg3 Kh6 54. Ra8 Kxh5 55. Rg8 Kh6 56. Kh3 Rf5 57. Kg4 Rg5+ 58. Rxg5 fxg5 59. Kf5 Kh5 60. Kxe5 g4 61. Kf4 Kh4 62. Ke3 g3 63. Ke2 Kh3 64. Kf1 Kh2 65. Ke2 g2 66. Kf3 g1=Q 67. Kf4 Qg6 68. Kf3 Qg5 69. Ke4 Qf6 70. Kd5 Qe7 71. Kc6 Qe5 72. Kd7 Qf6 73. Kc7 Qe6 74. Kb7 Qd6 75. Ka7 Qb4 76. Ka6 Kg3 77. Ka7 Kf4 78. Ka6 Ke5 79. Ka7 Kd6 80. Ka8 Kc7 81. Ka7 Qb7# 0-1


[Site "https://www.chess.com"]

[Event "Titled Tuesday Blitz July 25 Early 2023"]
[White "marik_spb"]
[Black "Saim, Mohamed Ilias"]
[BlackFideId "7900465"]
[WhiteElo "2489"]
[BlackElo "1928"]
[Result "1-0"]
[Round "3"]
[TimeControl "180+2"]
[Date "2023.07.25"]
[WhiteClock "0:02:27"]
[BlackClock "0:01:51"]
[Board "175"]

1. d4 Nf6 2. c4 e6 3. g3 d5 4. Bg2 Ne4 5. Nf3 Be7 6. O-O f5 7. Bf4 Nc6 8. Nbd2 g5 9. Be5 Nxe5 10. Nxe5 c6 11. e3 Bf6 12. Qh5+ Ke7 13. Qf7+ Kd6 14. c5+ Nxc5 15. Ndc4+ dxc4 16. Nxc4# 1-0


[Site "https://www.chess.com"]

[Event "Titled Tuesday Blitz July 25 Early 2023"]
[White "Navyblue1"]
[Black "Mmukka"]
[WhiteElo "1921"]
[BlackElo "2488"]
[Result "0-1"]
[Round "3"]
[TimeControl "180+2"]
[Date "2023.07.25"]
[WhiteClock "0:00:02"]
[BlackClock "0:00:23"]
[Board "176"]

1. d4 Nf6 2. c4 g6 3. Nc3 Bg7 4. e4 d6 5. h3 O-O 6. Be3 Nc6 7. Nf3 e5 8. d5 Nd4 9. Nxd4 exd4 10. Bxd4 Nxe4 11. Nxe4 Qh4 12. Bxg7 Qxe4+ 13. Qe2 Qxe2+ 14. Bxe2 Kxg7 15. O-O Re8 16. Bd3 h5 17. Rfe1 Bd7 18. Kf1 Kf6 19. h4 a5 20. b3 b6 21. f3 Rxe1+ 22. Kxe1 Ke5 23. Kd2 Kd4 24. Re1 Re8 25. Re4+ Rxe4 26. Bxe4 Be8 27. g3 f6 28. Bd3 g5 29. Bf1 gxh4 30. gxh4 Bg6 31. Be2 f5 32. a4 f4 33. Bd1 Bb1 34. Be2 Bf5 35. Bf1 Bg6 36. Be2 Bb1 37. Bd1 Bd3 0-1


[Site "https://www.chess.com"]

[Event "Titled Tuesday Blitz July 25 Early 2023"]
[White "Cheer_Down"]
[Black "Rahman, Masruri"]
[BlackFideId "7101163"]
[WhiteElo "2414"]
[BlackElo "2763"]
[Result "1-0"]
[Round "3"]
[TimeControl "180+2"]
[Date "2023.07.25"]
[WhiteClock "0:00:13"]
[BlackClock "0:00:05"]
[Board "178"]

1. e4 e6 2. d4 d5 3. Nc3 Bb4 4. e5 c5 5. a3 Bxc3+ 6. bxc3 Qc7 7. h4 b6 8. h5 h6 9. Rb1 Ba6 10. Bxa6 Nxa6 11. Qg4 Kf8 12. Rh3 Ne7 13. Ne2 cxd4 14. Nxd4 Nc5 15. Re3 Kg8 16. Kf1 Ne4 17. a4 Nxc3 18. Rb3 Ne4 19. Ba3 Nd2+ 20. Kg1 Nxb3 21. cxb3 Kh7 22. Nxe6 fxe6 23. Qxe6 Rhe8 24. Qf7 Rg8 25. Bxe7 Kh8 26. e6 d4 27. Rg3 Qe5 28. Rg6 Rac8 29. Rxh6+ gxh6 30. Bf6+ Qxf6 31. Qxf6+ Rg7 32. Qxd4 Re8 33. Qe5 Kg8 34. f4 Rc8 35. Qe4 Kf8 36. f5 Ke7 37. Qe5 Rc1+ 38. Kh2 Rg5 39. f6+ Ke8 40. Qb8+ 1-0


[Site "https://www.chess.com"]

[Event "Titled Tuesday Blitz July 25 Early 2023"]
[White "Spaqi, Wilson"]
[Black "Wagner, Dennis"]
[WhiteFideId "2053888"]
[BlackFideId "24650684"]
[WhiteElo "2416"]
[BlackElo "2756"]
[Result "0-1"]
[Round "3"]
[TimeControl "180+2"]
[Date "2023.07.25"]
[WhiteClock "0:00:23"]
[BlackClock "0:00:07"]
[Board "179"]

1. d4 Nf6 2. Bf4 b6 3. e3 Bb7 4. Nf3 d6 5. c3 Nbd7 6. Nbd2 Nh5 7. Bg5 h6 8. Bh4 g5 9. Bg3 Bg7 10. Bd3 e6 11. Be4 d5 12. Bd3 Nxg3 13. hxg3 c5 14. Qe2 g4 15. Ng1 h5 16. Ba6 Qc8 17. Bxb7 Qxb7 18. f4 f5 19. Qd3 Kf7 20. Ne2 b5 21. Kf2 c4 22. Qc2 b4 23. Rh2 a5 24. Rah1 Nf6 25. Rb1 Rhc8 26. Rhh1 Qb5 27. Rhc1 Kg6 28. Rh1 Rab8 29. Rhc1 Bf8 30. Rh1 Bd6 31. Rhc1 Be7 32. Rh1 b3 33. axb3 cxb3 34. Qd1 a4 35. Ra1 a3 36. bxa3 b2 37. Rb1 Bxa3 38. Qc2 Rc7 39. Ke1 Ra8 40. Kf2 Raa7 41. Rhg1 Ne4+ 42. Nxe4 fxe4 43. Rh1 Qd3 44. Qd1 Rcb7 45. Re1 Be7 46. Ng1 Ra2 47. Qxd3 exd3 48. Red1 Rb3 49. Rxd3 Ra1 50. Rdd1 Rba3 51. Ke2 R3a2 52. Kd2 Kf5 53. Kc2 Ke4 54. Ne2 Kxe3 55. Ng1 Kf2 56. Rf1+ Kxg2 57. Ne2 Ba3 58. Rh1 Rxb1 59. Rxb1 Ra1 60. f5 exf5 61. Nf4+ Kxg3 62. Nxh5+ Kf3 63. c4 dxc4 64. d5 g3 0-1


[Site "https://www.chess.com"]

[Event "Titled Tuesday Blitz July 25 Early 2023"]
[White "Bueno, Alfeu Junior Varela"]
[Black "Volovich, Vasily"]
[WhiteFideId "2108879"]
[BlackFideId "34169676"]
[WhiteElo "2406"]
[BlackElo "2721"]
[Result "0-1"]
[Round "3"]
[TimeControl "180+2"]
[Date "2023.07.25"]
[WhiteClock "0:00:01"]
[BlackClock "0:00:46"]
[Board "180"]

1. e4 e6 2. d4 d5 3. Nd2 c5 4. Ngf3 cxd4 5. exd5 Qxd5 6. Bc4 Qd6 7. O-O Nf6 8. Nb3 Nc6 9. Nbxd4 Nxd4 10. Qxd4 Bd7 11. Bf4 Qxd4 12. Nxd4 Rc8 13. Bb3 Bc5 14. Rad1 Ke7 15. Rfe1 Bxd4 16. Rxd4 Rhd8 17. Bd6+ Ke8 18. Be5 Bc6 19. Bxf6 gxf6 20. Red1 Rxd4 21. Rxd4 Ke7 22. c3 f5 23. f4 h5 24. g3 h4 25. Rd3 Rh8 26. Rd2 Kf6 27. Bd1 Be4 28. Kf2 hxg3+ 29. hxg3 Rh2+ 30. Ke3 Rh3 31. Kf2 Rh1 32. a3 Ke7 33. Be2 Rh2+ 34. Ke3 Rg2 35. Kd4 Rxg3 36. a4 Rg2 37. Ke3 Bc6 38. Rd4 Rg1 39. Rb4 Kd6 40. a5 Kc5 41. a6 b5 42. Rd4 Kb6 43. Rd6 Kc7 44. Rd4 Rb1 45. b4 Ra1 46. c4 Rxa6 47. cxb5 Ra3+ 48. Kd2 Bd5 49. Rd3 Rxd3+ 50. Bxd3 Kd6 51. Kc3 f6 52. Bc2 Be4 53. Bb3 e5 54. Kd2 Bb7 55. Ke3 Bc8 0-1


[Site "https://www.chess.com"]

[Event "Titled Tuesday Blitz July 25 Early 2023"]
[White "Mejia, Cherry Ann"]
[Black "Nasuta, Grzegorz"]
[WhiteFideId "5206880"]
[BlackFideId "1141686"]
[WhiteElo "2374"]
[BlackElo "2704"]
[Result "1-0"]
[Round "3"]
[TimeControl "180+2"]
[Date "2023.07.25"]
[WhiteClock "0:01:10"]
[BlackClock "0:00:03"]
[Board "181"]

1. e4 c5 2. Nc3 a6 3. g3 b5 4. Bg2 Bb7 5. d3 e6 6. Nge2 d6 7. O-O Nd7 8. Be3 Ngf6 9. h3 Qc7 10. f4 Be7 11. g4 h6 12. Ng3 O-O-O 13. g5 Ne8 14. h4 hxg5 15. hxg5 d5 16. exd5 b4 17. dxe6 bxc3 18. exd7+ Rxd7 19. bxc3 Bxg5 20. Bxb7+ Kxb7 21. Qf3+ Ka7 22. fxg5 Nd6 23. Bf4 Qd8 24. Rab1 Nb5 25. Ne4 Qc8 26. a4 Na3 27. Rb2 Qc6 28. Nxc5 Qxf3 29. Rxf3 Rd5 30. c4 Rxc5 31. Be3 Rc8 32. Rxf7+ Ka8 33. Bxc5 Rxc5 34. Rxg7 1-0


[Site "https://www.chess.com"]

[Event "Titled Tuesday Blitz July 25 Early 2023"]
[White "Yolosz"]
[Black "Gamayev, Oleg"]
[BlackFideId "2802813"]
[WhiteElo "2368"]
[BlackElo "2582"]
[Result "0-1"]
[Round "3"]
[TimeControl "180+2"]
[Date "2023.07.25"]
[WhiteClock "0:00:18"]
[BlackClock "0:01:48"]
[Board "182"]

1. d4 d6 2. Bf4 Nf6 3. e3 g6 4. Nc3 Bg7 5. h4 O-O 6. h5 Nc6 7. hxg6 hxg6 8. Bh6 Bxh6 9. Rxh6 Kg7 10. Rh1 Rh8 11. Rxh8 Qxh8 12. Nf3 Bg4 13. Qd2 Bxf3 14. gxf3 e5 15. d5 Ne7 16. O-O-O Qh4 17. Nb5 Ne8 18. Kb1 a6 19. Nc3 Nf6 20. Bg2 Qb4 21. Rh1 Rh8 22. Rxh8 Kxh8 23. e4 Kg7 24. f4 exf4 25. Qxf4 Nexd5 26. Nxd5 Nxd5 27. Qc1 Nc3+ 28. Ka1 Nxe4 29. a3 Qd4 30. Qe1 Nc5 31. Qe2 c6 32. Kb1 Na4 33. c3 Qxc3 34. Qe4 Qxb2# 0-1


[Site "https://www.chess.com"]

[Event "Titled Tuesday Blitz July 25 Early 2023"]
[White "NovoselovRoman"]
[Black "Fisabilillah, Ummi"]
[BlackFideId "7104804"]
[WhiteElo "2568"]
[BlackElo "2358"]
[Result "1-0"]
[Round "3"]
[TimeControl "180+2"]
[Date "2023.07.25"]
[WhiteClock "0:00:32"]
[BlackClock "0:00:07"]
[Board "183"]

1. e4 e6 2. d4 d5 3. Nc3 Bb4 4. exd5 exd5 5. Bd3 Nc6 6. Ne2 Nge7 7. Bf4 f6 8. Qd2 Be6 9. O-O-O Qd7 10. Kb1 O-O-O 11. Bb5 Bf5 12. Nc1 a6 13. Ba4 Kb8 14. Nd3 Bxd3 15. Qxd3 Bd6 16. Bc1 Nb4 17. Qf3 Qf5 18. Qxf5 Nxf5 19. a3 Nc6 20. Nxd5 Nfxd4 21. c3 Nb5 22. Be3 Nba7 23. Rhe1 Ne5 24. Bf4 Ng6 25. Bxd6 Rxd6 26. Ne3 Nc8 27. Nf5 Rxd1+ 28. Rxd1 Ne5 29. f4 Ng4 30. h3 Nh6 31. Nxg7 Rg8 32. Nh5 Rxg2 33. Nxf6 Nf5 34. Rd8 c6 35. Bb3 Kc7 36. Rxc8+ Kxc8 37. Be6+ Kc7 38. Bxf5 Rf2 39. Nh5 h6 40. Bg4 b5 41. f5 Kd6 42. Nf6 Ke5 43. Ng8 c5 44. Nxh6 c4 45. Nf7+ Kf6 46. Nd6 Rf1+ 47. Ka2 Rf2 48. Ne4+ 1-0


[Site "https://www.chess.com"]

[Event "Titled Tuesday Blitz July 25 Early 2023"]
[White "Slavin, Alexey"]
[Black "Altman, Joshua"]
[WhiteFideId "24104388"]
[BlackFideId "426210"]
[WhiteElo "2350"]
[BlackElo "2553"]
[Result "1-0"]
[Round "3"]
[TimeControl "180+2"]
[Date "2023.07.25"]
[WhiteClock "0:00:19"]
[BlackClock "0:00:07"]
[Board "184"]

1. e4 Nc6 2. Nc3 d6 3. d4 Nf6 4. Nf3 g6 5. Be3 Bg7 6. Qd2 Ng4 7. Bg5 h6 8. Bh4 O-O 9. O-O-O a6 10. h3 Nf6 11. g4 b5 12. Bd3 b4 13. Ne2 d5 14. e5 Ne4 15. Qe3 Na5 16. Kb1 Bb7 17. Nd2 Nxd2+ 18. Qxd2 Nc4 19. Qxb4 Rb8 20. Bxe7 Qd7 21. b3 Bc6 22. Bxf8 Rxb4 23. Bxb4 Nb6 24. f4 Bb5 25. Bc5 Bxd3 26. Rxd3 Qb5 27. Nc3 Qa5 28. a4 Nxa4 29. Nxa4 c6 30. f5 Bf8 31. fxg6 fxg6 32. Rf1 Bxc5 33. Nxc5 Qb4 34. Kb2 a5 35. c3 Qb5 36. Rdf3 a4 37. Rf8+ Kg7 38. R1f7# 1-0


[Site "https://www.chess.com"]

[Event "Titled Tuesday Blitz July 25 Early 2023"]
[White "Ncatt"]
[Black "Turzo, Attila"]
[BlackFideId "704954"]
[WhiteElo "2340"]
[BlackElo "2504"]
[Result "1/2-1/2"]
[Round "3"]
[TimeControl "180+2"]
[Date "2023.07.25"]
[WhiteClock "0:00:51"]
[BlackClock "0:00:05"]
[Board "185"]

1. e4 d6 2. d4 Nf6 3. Nc3 g6 4. Nf3 Bg7 5. h3 O-O 6. Be3 c6 7. Bd3 b5 8. Ne2 Nbd7 9. Ng3 e5 10. c3 Re8 11. O-O Bb7 12. Qd2 a6 13. Rae1 Qc7 14. Nh2 d5 15. exd5 Nxd5 16. Bh6 Bh8 17. Ng4 f5 18. Nxe5 Nxe5 19. dxe5 Bxe5 20. Qg5 Bf4 21. Qh4 Bxh6 22. Qxh6 Qf4 23. Qxf4 Nxf4 24. Bc2 c5 25. f3 c4 26. Kf2 Kf7 27. Ne2 Ne6 28. Rd1 Rad8 29. a4 Kf6 30. g3 g5 31. axb5 axb5 32. Rfe1 h6 33. f4 Bc6 34. h4 g4 35. Nd4 Nxd4 36. Rxe8 Bxe8 37. Rxd4 Rxd4 38. cxd4 Bc6 39. Ke3 Bd5 40. Kd2 b4 41. Ke3 Ke6 42. Bb1 Kf6 43. Bc2 Be4 44. Bxe4 fxe4 45. d5 c3 46. b3 Kf5 47. Ke2 Kf6 48. h5 Kf5 49. Ke3 Kf6 50. Ke2 Kf5 51. Ke3 Kf6 52. Ke2 1/2-1/2


[Site "https://www.chess.com"]

[Event "Titled Tuesday Blitz July 25 Early 2023"]
[White "Nayak Rajesh"]
[Black "Roberson, Peter T"]
[WhiteFideId "35017152"]
[BlackFideId "412384"]
[WhiteElo "2309"]
[BlackElo "2495"]
[Result "0-1"]
[Round "3"]
[TimeControl "180+2"]
[Date "2023.07.25"]
[WhiteClock "0:00:10"]
[BlackClock "0:00:09"]
[Board "186"]

1. e4 e6 2. d4 d5 3. Nd2 Be7 4. Ngf3 Nf6 5. e5 Nfd7 6. Bd3 c5 7. c3 Nc6 8. O-O a5 9. Re1 cxd4 10. cxd4 Qb6 11. Nf1 Nxd4 12. Nxd4 Qxd4 13. Ng3 Bb4 14. Re2 b6 15. a3 Be7 16. Be3 Qxe5 17. Bxb6 Qd6 18. Bd4 O-O 19. Nh5 e5 20. Ng3 g6 21. Bc3 Bb7 22. Bb5 f6 23. Ne4 dxe4 24. Bxd7 Rfd8 25. Rd2 Qb6 26. Qg4 e3 27. fxe3 Qxe3+ 28. Kh1 Kg7 29. Qe6 Bf8 30. Rf1 Ra6 31. Qb3 Qb6 32. Qd1 Qc7 33. Bb5 Rxd2 34. Qxd2 Rd6 35. Qf2 Qb6 36. Qe2 Ba6 37. Bxa6 Qxa6 38. Qd2 Qxf1# 0-1


[Site "https://www.chess.com"]

[Event "Titled Tuesday Blitz July 25 Early 2023"]
[White "Altun, Arda"]
[Black "Salman, Pavel"]
[WhiteFideId "34511580"]
[BlackFideId "24153753"]
[WhiteElo "2338"]
[BlackElo "2478"]
[Result "0-1"]
[Round "3"]
[TimeControl "180+2"]
[Date "2023.07.25"]
[WhiteClock "0:00:17"]
[BlackClock "0:00:20"]
[Board "187"]

1. e4 d6 2. d4 g6 3. Nc3 Bg7 4. Be3 Nf6 5. Qd2 c6 6. Bh6 O-O 7. O-O-O Qa5 8. h4 b5 9. a3 b4 10. axb4 Qxb4 11. e5 dxe5 12. Bxg7 Kxg7 13. dxe5 Ng4 14. h5 Nd7 15. f3 Rb8 16. b3 Qa3+ 17. Kb1 Rxb3+ 18. cxb3 Qxb3+ 19. Kc1 Qa3+ 20. Kc2 Ndxe5 21. fxg4 Bxg4 22. Bd3 Nxd3 23. Qxd3 Bf5 24. Qxf5 gxf5 25. h6+ Kf6 26. Rh3 Qc5 27. Nf3 Rg8 28. Rd2 e5 29. Rh5 e4 30. Nd4 Rg5 31. Rh4 a5 32. g4 fxg4 33. Kb2 Qb4+ 34. Nb3 e3 35. Re2 a4 36. Nxa4 Qxa4 37. Rxe3 Qf4 38. Re2 Qg3 39. Rh1 Rb5 40. Rf1+ Kg6 0-1


[Site "https://www.chess.com"]

[Event "Titled Tuesday Blitz July 25 Early 2023"]
[White "EdmundPlayer"]
[Black "Erzhanov, Arman"]
[BlackFideId "4138821"]
[WhiteElo "2300"]
[BlackElo "2478"]
[Result "0-1"]
[Round "3"]
[TimeControl "180+2"]
[Date "2023.07.25"]
[WhiteClock "0:00:15"]
[BlackClock "0:02:26"]
[Board "188"]

1. e4 c5 2. Nf3 Nc6 3. Bb5 d6 4. Bxc6+ bxc6 5. O-O e5 6. c3 f5 7. exf5 Bxf5 8. d4 cxd4 9. cxd4 e4 10. Re1 Nf6 11. Nc3 d5 12. Ne5 Bd6 13. f3 Qb6 14. fxe4 Nxe4 15. Nxe4 dxe4 16. Nc4 Qc7 17. Nxd6+ Qxd6 18. Be3 O-O 19. Rc1 Be6 20. b3 Bd5 21. Qg4 a5 22. Rf1 a4 23. Rxf8+ Rxf8 24. bxa4 Qa3 25. Rf1 Qxe3+ 26. Kh1 Rxf1# 0-1


[Site "https://www.chess.com"]

[Event "Titled Tuesday Blitz July 25 Early 2023"]
[White "Khodzhamkuliev, Bahadur"]
[Black "Valgmae, Toomas"]
[WhiteFideId "24135046"]
[BlackFideId "4502523"]
[WhiteElo "2467"]
[BlackElo "2420"]
[Result "0-1"]
[Round "3"]
[TimeControl "180+2"]
[Date "2023.07.25"]
[WhiteClock "0:00:51"]
[BlackClock "0:01:07"]
[Board "189"]

1. Nf3 d5 2. c4 c6 3. d4 Nf6 4. cxd5 cxd5 5. Nc3 Nc6 6. Bf4 Bf5 7. e3 Rc8 8. Bd3 Bxd3 9. Qxd3 e6 10. O-O Bd6 11. Bg3 O-O 12. Rfc1 Bxg3 13. hxg3 Qd7 14. Na4 Ne4 15. Nc5 Nxc5 16. Rxc5 Rc7 17. Rac1 Rfc8 18. Qc3 Qd6 19. Ne5 f6 20. Nd3 b6 21. Rb5 Nxd4 22. Qxd4 Rxc1+ 23. Nxc1 Rxc1+ 24. Kh2 Qe5 25. Qxe5 fxe5 26. g4 Kf7 27. Kg3 Ke7 28. a4 Kd6 29. Kf3 Rc2 30. a5 Rc5 31. Rb3 Rxa5 32. g5 Rc5 33. Ra3 a5 34. Ra1 Rc2 35. Rh1 h6 36. gxh6 gxh6 37. Rxh6 e4+ 38. Kg3 Rxb2 39. Rh1 a4 40. Ra1 b5 41. f4 Rb3 42. Kf2 a3 43. g4 Rb2+ 44. Kg3 a2 45. g5 b4 46. g6 Ke7 0-1


[Site "https://www.chess.com"]

[Event "Titled Tuesday Blitz July 25 Early 2023"]
[White "Fernandez Siles, Luis"]
[Black "Akylbek2021"]
[WhiteFideId "2209420"]
[WhiteElo "2294"]
[BlackElo "2466"]
[Result "1-0"]
[Round "3"]
[TimeControl "180+2"]
[Date "2023.07.25"]
[WhiteClock "0:00:51"]
[BlackClock "0:00:16"]
[Board "190"]

1. e4 e5 2. Nf3 Nc6 3. Nc3 Nf6 4. Bc4 Bc5 5. d3 d6 6. h3 h6 7. a4 a6 8. Be3 Bxe3 9. fxe3 Be6 10. b3 Bxc4 11. bxc4 O-O 12. O-O Re8 13. Nd5 Nxd5 14. cxd5 Ne7 15. c4 f5 16. Qb3 fxe4 17. dxe4 b6 18. a5 Rf8 19. axb6 cxb6 20. Rfb1 Nc8 21. c5 bxc5 22. Qb7 Ra7 23. Qc6 Ne7 24. Qb6 Nc8 25. Qxd8 Rxd8 26. Rb8 Kf7 27. Nd2 Ke7 28. Nc4 Kd7 29. Rab1 Kc7 30. Na5 Ne7 31. R8b7+ Rxb7 32. Rxb7+ Kc8 33. Rxe7 g5 34. Ra7 Rd7 35. Rxa6 1-0


[Site "https://www.chess.com"]

[Event "Titled Tuesday Blitz July 25 Early 2023"]
[White "Yeritsyan, Hayk"]
[Black "Khouri, Ahmed Abbas"]
[WhiteFideId "13307320"]
[BlackFideId "9301518"]
[WhiteElo "2466"]
[BlackElo "2251"]
[Result "1-0"]
[Round "3"]
[TimeControl "180+2"]
[Date "2023.07.25"]
[WhiteClock "0:01:01"]
[BlackClock "0:00:07"]
[Board "191"]

1. Nf3 c5 2. b3 Nc6 3. Bb2 d6 4. e4 e5 5. Bc4 g6 6. O-O Bg7 7. a4 Nge7 8. h3 O-O 9. Nc3 h6 10. Re1 Na5 11. Bf1 f5 12. exf5 gxf5 13. d3 Nac6 14. Nd2 Nd4 15. Ne2 Bd7 16. Nc4 Bc6 17. Nxd4 cxd4 18. Ba3 Rf6 19. Qh5 Nd5 20. g3 Qd7 21. Bg2 b6 22. Rxe5 dxe5 23. Nxe5 Qc7 24. Nxc6 Qxc6 25. Re1 Qd7 26. Re5 Rd6 27. Bxd6 Bxe5 28. Bxe5 Re8 29. Qg6+ Kf8 30. Qxh6+ Kf7 31. Qg7+ Ke6 32. Bxd5+ Kxd5 33. Qxd7+ 1-0


[Site "https://www.chess.com"]